 Dungeon Crawl Stone Soup version 0.18.1-5-g4a78601 (webtiles) character file.

262 Loki the Skirmisher (level 6, -12/39 HPs)
             Began as a Gargoyle Fighter on May 9, 2016.
             Killed by nerve-wracking pain
             ... invoked by an orc priest
              (14 damage)
             ... on level 5 of the Dungeon.
             The game lasted 00:10:17 (2147 turns).

Loki the Skirmisher (Gargoyle Fighter)              Turns: 2147, Time: 00:10:18

Health: -12/39     AC: 12    Str: 19    XL:     6   Next: 18%
Magic:  6/6        EV:  7    Int:  9    God:
Gold:   159        SH:  9    Dex: 11    Spells: 0 memorised, 5 levels left

rFire  . . .     SeeInvis .     a - +1 flail
rCold  . . .     Gourm    .     b - +0 scale mail
rNeg   + . .     Faith    .     c - +0 shield
rPois  ∞         Spirit   .     (no helmet)
rElec  +         Dismiss  +     (no cloak)
rCorr  .         Reflect  .     j - +0 pair of gloves
SustAt .         Harm     .     (no boots)
MR     .....     Rnd*Tele +     z - amulet of dismissal
Stlth  ..........               (no ring)
                                e - ring of teleportation (curse)

@: not resistant to hostile enchantments, extremely unstealthy
A: negative energy resistance 1, electricity resistance, unbreathing,
petrification resistance, rot immunity, AC +4
a: no special abilities


You were on level 5 of the Dungeon.
You were not hungry.

You visited 1 branch of the dungeon, and saw 5 of its levels.

You collected 159 gold pieces.

Inventory:

Hand Weapons
 a - a +1 flail (weapon)
 t - a +0 hunting sling
Armour
 b - a +0 scale mail (worn)
 c - a +0 shield (worn)
 j - a +0 pair of gloves (worn)
 x - a cursed +0 chain mail
Jewellery
 e - a cursed ring of teleportation (left hand)
 z - an amulet of dismissal (around neck)
Scrolls
 s - 2 scrolls of fog
 y - a scroll of identify
 A - a scroll of amnesia {unknown}
Potions
 d - 2 potions of might
 h - 2 potions of ambrosia {unknown}
 i - a potion of magic
 m - a potion of lignification {unknown}
 n - a potion of heal wounds {unknown}
 p - a potion of mutation {unknown}
 r - a potion of cancellation {unknown}
 u - a potion of curing {unknown}
 v - a potion of flight {unknown}
 w - a potion of agility {unknown}
Comestibles
 f - 4 bread rations
 k - a slice of pizza
 l - a royal jelly
 q - 2 chunks of flesh


   Skills:
 + Level 4.5 Fighting
 * Level 4.2 Maces & Flails
 + Level 4.4 Armour
 + Level 4.2 Shields


You had 5 spell levels left.
You didn't know any spells.

Dungeon Overview and Level Annotations

Branches:
Dungeon (5/15)             Temple (0/1) D:5

Altars:
Gozag
Ru

Annotations:
D:3 Graouh's ghost, weakling MiFi; Sigmund


Innate Abilities, Weirdness & Mutations

You are resistant to torment.
Your stone body is resilient (AC +4).
You are immune to poison.
You resist negative energy.
You are resistant to electric shocks.
You can survive without breathing.
You are immune to petrification.
You are immune to rotting.


Message History

You resist with some effort. The orc priest closely misses you.
Your scale mail prevents you from hitting the orc priest.
You feel yourself speed up.
The orc wizard hits you but does no damage.
The orc priest hits you with a hand axe.
Your shield and scale mail prevent you from hitting the orc priest.
The orc wizard hits you but does no damage.
The orc priest calls down the wrath of Beogh upon you.
Pain shoots through your body! The orc wizard closely misses you.
Your shield and scale mail prevent you from hitting the orc priest.
You block the orc priest's attack. The orc wizard barely misses you.
You thump the orc priest!
The orc priest is heavily wounded.
The orc priest calls down the wrath of Beogh upon you.
Beogh smites you!
* * * LOW HITPOINT WARNING * * *
You block the orc wizard's attack.
The orc priest mumbles some strange prayers to Beogh against you.
Pain shoots through your body!
You die...

#.##.#.#<)...).....#
....................
.##.##................
.#.##.......#####....
[........#.# ###
#..#...#.#...
##..##.#.#####
......#.....#
.######.#####@##.#
..............oo...#
...######.#####.##.#
........#.# #..# #
.......#§######...
#....!#§§§?.......
#.....#§§§..........
#....§#§§§....".####
####....§§§#######.#


You could see an orc priest and an orc wizard.

Vanquished Creatures
  A crimson imp (D:5)
  An orc priest (D:4)
  2 orc wizards
  Ijyb (D:2)
  7 adders
  An adder skeleton (D:5)
  A worm (D:3)
  A dart slug (D:3)
  A giant gecko (D:2)
  4 orcs (D:3)
  3 giant cockroaches
  4 hobgoblins
  4 jackals (D:2)
  7 kobolds
  2 quokkas
  10 bats
  3 giant newts
  7 goblins
  A quokka skeleton (D:4)
  5 rats
66 creatures vanquished.

Notes
Turn   | Place    | Note
--------------------------------------------------------------
     0 | D:1      | Loki the Gargoyle Fighter began the quest for the Orb.
     0 | D:1      | Reached XP level 1. HP: 14/14 MP: 1/1
   211 | D:1      | Reached XP level 2. HP: 8/19 MP: 2/2
   729 | D:2      | Reached XP level 3. HP: 23/23 MP: 3/3
   967 | D:2      | Noticed Ijyb
  1015 | D:2      | Killed Ijyb
  1015 | D:2      | Reached XP level 4. HP: 26/29 MP: 4/4
  1167 | D:3      | Noticed Graouh's ghost (weakling MiFi)
  1270 | D:3      | Noticed Sigmund
  1427 | D:3      | Reached XP level 5. HP: 23/33 MP: 5/5
  1958 | D:4      | Found a sacrificial altar of Ru.
  1988 | D:5      | Entered Level 5 of the Dungeon
  2060 | D:5      | Reached XP level 6. HP: 37/39 MP: 6/6
  2101 | D:5      | Found an opulent altar of Gozag.
  2104 | D:5      | Found a staircase to the Ecumenical Temple.
  2147 | D:5      | Killed from afar by an orc priest

Skill      XL: |  1  2  3  4  5 |
---------------+----------------+-----
Maces & Flails | 3 4 |  4.2
Fighting       | 4 |  4.5
Armour         | 4 |  4.4
Shields        | 4 |  4.2

Action                   |  1- 3 |  4- 6 || total
-------------------------+-------+-------++-------
Melee: Flail             |   132 |   259 ||   391
  Use: Scroll            |       |     4 ||     4
  Eat: Chunk             |       |     5 ||     5
Armor: Scale mail        |    61 |   171 ||   232
Dodge: Dodged            |    56 |    93 ||   149
Block: Shield            |    67 |   143 ||   210
